[Event "*** Titled Tuesday Blitz"]
[Site "Chess.com"]
[Date "2020.04.28"]
[Round "5"]
[White "JoakimVonAnd"]
[Black "ChessQueen"]
[Result "0-1"]
[WhiteElo "2519"]
[BlackElo "2734"]
[TimeControl "180+1"]
[EndTime "10:56:18 PDT"]
[Termination "ChessQueen won by resignation"]

1. d4 Nf6 2. c4 e6 3. Nc3 Bb4 4. e3 b6 5. Ne2 Bb7 6. a3 Be7 7. Ng3 d6 8. e4 Nbd7 9. Bd3 e5 10. d5 a5 11. Nf5 Bf8 12. g4 g6 13. Ng3 Nc5 14.
Bc2 h5 15. g5 h4 16. Nge2 Nh5 17. Be3 Be7 18. Qd2 Ba6 19. Nb5 O-O 20. O-O-O Qd7 21.
a4 Bxb5 22. cxb5 Qg4 23. Bxc5 dxc5 24. Rdg1 Qf3 25. Qe3 Qxe3+ 26. fxe3 Kh7 27. Bd1 f6 28. gxf6 Nxf6 29. Nc3 Rf7 30. Rg2 Rg8 31. Rhg1 Rfg7 32. h3 g5 33. d6 cxd6 34. Bb3 Rf8 35. Rxg5 Rxg5 36. Rxg5 Nxe4 37. Nxe4 Bxg5 38. Nxg5+ Kg6 39. Ne4 Rf3 40. Be6 Rxe3 41. Nxd6 Re1+ 42. Kd2 Rh1 43. Nc4 Kf6 44. Bc8 e4 45. Nxb6 Ke5 46. Nc4+ Kd4 47. b6 Rh2+ 48. Ke1 Kxc4 49. b7 Rxb2 50. Kd1 Kd4 51. Ke1 Ke3 52. Kd1 Kf2 53. Bd7 Rxb7 0-1

[Event "*** Titled Tuesday Blitz"]
[Site "Chess.com"]
[Date "2020.04.28"]
[Round "5"]
[White "mortngabriel"]
[Black "hamelekh"]
[Result "1-0"]
[WhiteElo "2480"]
[BlackElo "2679"]
[TimeControl "180+1"]
[EndTime "10:56:18 PDT"]
[Termination "mortngabriel won by resignation"]

1. d4 Nf6 2. c4 e6 3. Nf3 d5 4. Nc3 dxc4 5. e3 a6 6. a4 c5 7. Bxc4 Nc6 8. O-O Be7 9. Qe2 cxd4 10. Rd1 O-O 11. exd4 Nb4 12. Bg5 Bd7 13. Ne5 Re8 14.
Qf3 Bc6 15. Nxc6 bxc6 16. Rac1 a5 17. Ne4 Nxe4 18. Bxe7 Qxe7 19. Qxe4 Rab8 20. b3 Qa7 21. Rd2 Rbd8 22. Rcd1 g6 23. h4 Qe7 24. g3 Nd5 25.
Qe5 Qd6 26. Kg2 Rd7 27. h5 Red8 28. Qg5 Qe7 29. Qh6 Qf8 30. Qg5 h6 31. Qg4 g5 32. Bd3 Qg7 33. Bc4 Nc3 34. Rc1 Rxd4 35. Rxd4 Rxd4 36. Qf3 Nd5 37. Bxd5 cxd5 38. Rc8+ Kh7 39.
Rc7 Kg8 40. Rc8+ Kh7 41. Rc7 g4 42. Qxf7 Qxf7 43. Rxf7+ Kg8 44. Re7 Re4 45. Ra7 Rb4 46. Rxa5 Rxb3 47. Ra7 Kf8 48. Rh7 d4 49. Rxh6 Kf7 50.
Rh7+ Kf6 51. Rd7 e5 52. h6 Rb8 53. h7 Rh8 54. Kf1 Ke6 55. Rb7 e4 56. a5 Rc8 57.
a6 d3 58. Ke1 Rc1+ 59. Kd2 Rc2+ 60. Kd1 Rc8 61. a7 e3 62. fxe3 1-0

[Event "*** Titled Tuesday Blitz"]
[Site "Chess.com"]
[Date "2020.04.28"]
[Round "5"]
[White "ZAbdumalik"]
[Black "JozefKneht"]
[Result "0-1"]
[WhiteElo "2623"]
[BlackElo "2438"]
[TimeControl "180+1"]
[EndTime "10:56:18 PDT"]
[Termination "JozefKneht won by checkmate"]

1. e4 e5 2. Nf3 Nc6 3. Bb5 a6 4. Ba4 Nf6 5. O-O Be7 6. Re1 b5 7. Bb3 d6 8. c3 O-O 9. h3 Na5 10. Bc2 c5 11. d4 Nd7 12. Nbd2 cxd4 13. cxd4 Nc6 14. Nf1 exd4 15. Nxd4 Nxd4 16. Qxd4 Ne5 17. Qd1 Bf6 18. Ne3 Be6 19. Nd5 Bxd5 20. Qxd5 Rc8 21.
Bb3 Rc5 22. Qd1 Nc4 23. Qe2 d5 24. exd5 Qxd5 25. a4 Qc6 26. axb5 axb5 27. Bc2 Re5 28. Be4 Qc5 29. Qc2 g6 30. Ra6 Bg7 31. b3 Qc8 32.
Qa2 Qe8 33. f3 f5 34. bxc4 fxe4 35. cxb5+ Kh8 36. Ba3 exf3 37. Rxe5 Bxe5 38. Bxf8 Bd4+ 39. Kh2 f2 40. Bg7+ Kxg7 41. Qc4 Qe5+ 42. g3 Qe3 43. Re6 f1=Q 44. Qc7+ Kh6 45. Rxe3 Bxe3 46. Qc2 Qg1# 0-1

[Event "*** Titled Tuesday Blitz"]
[Site "Chess.com"]
[Date "2020.04.28"]
[Round "5"]
[White "Balla_Tamas"]
[Black "ahachess"]
[Result "1-0"]
[WhiteElo "2542"]
[BlackElo "2374"]
[TimeControl "180+1"]
[EndTime "10:56:19 PDT"]
[Termination "Balla_Tamas won on time"]

1. e4 c5 2. d3 Nc6 3. g3 e6 4.
Bg2 d5 5. Nd2 Nf6 6. f4 Be7 7. e5 Nd7 8. c4 Nb4 9. Qb3 Nb6 10. a3 dxc4 11. dxc4 Nd3+ 12. Ke2 Nxc1+ 13. Rxc1 O-O 14. Ngf3 Bd7 15. Rhd1 Qc7 16. Qe3 Bc6 17. Kf2 Rad8 18. b3 Rd7 19. Ne4 Rfd8 20. Rxd7 Qxd7 21. Nc3 Qd3 22. Rd1 Qxe3+ 23. Kxe3 Rxd1 24. Nxd1 Kf8 25. Ne1 Bxg2 26. Nxg2 Ke8 27. Nc3 Kd7 28. Ne4 h6 29. h4 Kc6 30. Kd3 a6 31. Ne3 Nd7 32. h5 b5 33. Nc3 Nb6 34. Ng4 Nd7 35. Ne3 Bd8 36. g4 Ba5 37. Ne4 Bc7 38. g5 Bxe5 39. fxe5 Nxe5+ 40. Kc3 bxc4 41. gxh6 gxh6 42. Nxc4 Ng4 43. Ned6 f5 44. Nf7 Kd5 45. Kd3 e5 46. Ne3+ Ke6 47.
Nxg4 1-0

[Event "*** Titled Tuesday Blitz"]
[Site "Chess.com"]
[Date "2020.04.28"]
[Round "5"]
[White "top_bu_tz"]
[Black "Blagorod"]
[Result "0-1"]
[WhiteElo "2261"]
[BlackElo "2150"]
[TimeControl "180+1"]
[EndTime "10:56:19 PDT"]
[Termination "Blagorod won on time"]

1. e4 e5 2. Nf3 Nf6 3. Nxe5 d6 4. Nf3 Nxe4 5. Nc3 Nxc3 6. dxc3 Be7 7. Bc4 Be6 8. Bxe6 fxe6 9. Nd4 Qd7 10. Qg4 Bf6 11.
Qxe6+ Qxe6+ 12. Nxe6 Kd7 13. Nf4 Re8+ 14. Ne2 Nc6 15.
Be3 Ne5 16. f3 Nc4 17. Bc1 Re7 18. Kf2 Rae8 19. Re1 d5 20. b3 Bxc3 21. Nxc3 Rxe1 22. bxc4 dxc4 23. Bb2 Rxa1 24. Bxa1 c6 25. Ne4 Rb8 26.
Bxg7 b5 27. Be5 Ra8 28. Nc5+ Ke7 29. Ke3 a5 30. g4 a4 31. a3 b4 32. axb4 a3 33.
Nb7 Ra4 34. Nc5 Rxb4 35. Bc3 Rb5 36. Kd4 a2 37. Kxc4 Rb1 38. Nb3 Rh1 39. f4 Rxh2 40. Kd3 Rg2 41. g5 Rg4 42. Bf6+ Ke6 43. Be5 Kf5 44. Nd4+ Kg6 45. Nxc6 Rg3+ 46. Kd2 Rg1 0-1

[Event "*** Titled Tuesday Blitz"]
[Site "Chess.com"]
[Date "2020.04.28"]
[Round "5"]
[White "profofchess"]
[Black "GoValya"]
[Result "1-0"]
[WhiteElo "2396"]
[BlackElo "2155"]
[TimeControl "180+1"]
[EndTime "10:56:20 PDT"]
[Termination "profofchess won by resignation"]

1. e4 e6 2. d4 d5 3. Nc3 Nf6 4.
Bg5 Be7 5. e5 Nfd7 6. h4 c5 7.
Bxe7 Qxe7 8. Nb5 O-O 9. Nc7 cxd4 10. Nxa8 Nxe5 11. Qxd4 Nbc6 12. Qd2 Qd6 13. O-O-O Bd7 14. Be2 Rxa8 15. h5 h6 16. f4 Nb4 17. fxe5 Qb6 18. a3 Na6 19. Nf3 Rc8 20. Nd4 Nc5 21. Qb4 Qd8 22.
Kb1 Qg5 23. Nf3 Qe3 24. Qd2 Qe4 25. Rh4 Qf5 26. Qf4 Ne4 27. Qxf5 exf5 28. Rxd5 Be6 29. Rd4 Ng5 30. Nxg5 hxg5 31. Rh1 f4 32. Bd3 g4 33. Rxf4 Rc5 34. h6 gxh6 35. Rxh6 Rxe5 36. b3 Re1+ 37. Kb2 Rg1 38. Be4 Kg7 39. Rh4 Kf8 40. Bxb7 Ke7 41.
Be4 Kd6 42. Rh5 Re1 43. Bb7 f5 44. Rfxf5 Bxf5 45. Rxf5 g3 46. Rg5 Re3 47. Bf3 Ke6 48.
Rxg3 Ke5 49. Rg4 Kf5 50. Re4 Rxe4 51. Bxe4+ Kxe4 52. c4 Kd4 53. g4 Ke4 54. c5 Kd5 55. g5 Kxc5 56. g6 Kd5 57. g7 1-0

[Event "*** Titled Tuesday Blitz"]
[Site "Chess.com"]
[Date "2020.04.28"]
[Round "5"]
[White "AquivaRubinstein"]
[Black "Jungle_Jaguar"]
[Result "0-1"]
[WhiteElo "2416"]
[BlackElo "2622"]
[TimeControl "180+1"]
[EndTime "10:56:21 PDT"]
[Termination "Jungle_Jaguar won by resignation"]

1. d4 Nf6 2. c4 e6 3. Nf3 d5 4. Nc3 Be7 5. Bf4 O-O 6. e3 Nbd7 7.
c5 Nh5 8. Bd3 b6 9. b4 a5 10. c6 Bxb4 11. Qc2 Ndf6 12. O-O Nxf4 13. exf4 Ba6 14. Ne5 Bxd3 15. Qxd3 Bxc3 16. Qxc3 Ne4 17. Qd3 Nd6 18. Rfe1 a4 19. Re3 g6 20. g4 Qf6 21. Rf3 Rfd8 22. Re1 b5 23. Nd7 Rxd7 24. cxd7 Rd8 25. f5 exf5 26. gxf5 gxf5 27. Re5 Rxd7 28. Rxd5 Re7 29. Rxd6 Qxd6 30. Qxb5 f4 31. Qg5+ Qg6 32.
Qxg6+ hxg6 33. Rxf4 Re2 34. a3 Ra2 35. Rf3 Rb2 36. Rc3 Rb3 37. Rxc7 Rxa3 38. Ra7 Kg7 39. Kg2 Kf6 40. f3 Ke6 41. Kg3 Ra1 42. Kf4 a3 43. h4 a2 44. Ra5 Kd6 45. Ra7 Kd5 46. Ra4 f6 47. h5 gxh5 48. Kf5 h4 49. Kxf6 h3 50.
Ra5+ Kxd4 51. Ra4+ Ke3 52. Ra3+ Kf4 53. Kg6 h2 54. Kf6 h1=Q 0-1

[Event "*** Titled Tuesday Blitz"]
[Site "Chess.com"]
[Date "2020.04.28"]
[Round "5"]
[White "DanielTitichoca"]
[Black "cassoulet"]
[Result "1-0"]
[WhiteElo "2330"]
[BlackElo "2582"]
[TimeControl "180+1"]
[EndTime "10:56:21 PDT"]
[Termination "DanielTitichoca won by checkmate"]

1. d4 Nf6 2. Nf3 g6 3. Bf4 Bg7 4. e3 O-O 5. h3 d5 6. Be2 c5 7. O-O Nc6 8. Nbd2 Nd7 9. c3 e5 10.
dxe5 Ndxe5 11. Nxe5 Nxe5 12. Nf3 Nc6 13. Bb5 Qb6 14. Qa4 Be6 15. Rab1 Rac8 16. Rfd1 a6 17. Bd3 h6 18. c4 Nb4 19. cxd5 Bxd5 20. Be2 Be4 21. Rd6 Rc6 22. Rbd1 Bc2 23. Qa3 Bxd1 24. Rxd1 Rd8 25. Rc1 Nd5 26. Be5 Qb4 27. Qd3 Rcc8 28. Rc4 Qb5 29. Qe4 Nf6 30. Qh4 Qb6 31. Rf4 g5 32.
Nxg5 hxg5 33. Qxg5 Ne8 34. Bc4 Rd7 35. Rg4 Kf8 36. Bxg7+ Nxg7 37. Qxg7+ Ke7 38. Re4+ Kd8 39. Qe5 Qd6 40. Qg5+ Kc7 41. Bb3 Kb8 42. Rf4 Rcc7 43.
Rf6 Qd2 44. Qf4 Ka7 45. Bxf7 Qe1+ 46. Kh2 Qb4 47. Bc4 Rd2 48. b3 Rcd7 49. Qe5 Rxa2 50. Rf8 b6 51. Qb8# 1-0

[Event "*** Titled Tuesday Blitz"]
[Site "Chess.com"]
[Date "2020.04.28"]
[Round "5"]
[White "FedaMaster"]
[Black "Jabberwockiez"]
[Result "1-0"]
[WhiteElo "2569"]
[BlackElo "2284"]
[TimeControl "180+1"]
[EndTime "10:56:21 PDT"]
[Termination "FedaMaster won by checkmate"]

1. e4 c5 2. d4 cxd4 3. c3 dxc3 4. Nxc3 Nc6 5. Nf3 e6 6. Bc4 a6 7. O-O Nge7 8. Bg5 f6 9. Be3 Ng6 10. Nd4 Nxd4 11. Bxd4 Be7 12. f4 Qc7 13. Bb3 Nxf4 14. Rc1 O-O 15. g3 Ng6 16. Nd5 Qb8 17. Nb6 Ne5 18. Bxe5 Qxe5 19. Nxa8 Bc5+ 20. Kg2 Qxe4+ 21. Qf3 Qd4 22. Rfd1 Qxb2+ 23. Rc2 Qa3 24. Nc7 Kh8 25. Qc3 Bb4 26. Qd3 d5 27. Qe3 e5 28.
Nxd5 Bc5 29. Rxc5 Be6 30. Qc3 Rd8 31. Ne3 Re8 32. Rc7 Bxb3 33. Rd2 Qa5 34. axb3 Qb6 35. Qc5 Qxb3 36. Qe7 Qg8 37. Qxe8 Qxe8 38. Rcd7 h6 39.
Rd8 Kh7 40. Rxe8 a5 41. Re7 a4 42. Rxb7 a3 43. Ra7 a2 44. Raxa2 Kg6 45. Ra7 Kg5 46. h4+ Kh5 47. Rxg7 f5 48. Nxf5 e4 49. g4# 1-0

[Event "*** Titled Tuesday Blitz"]
[Site "Chess.com"]
[Date "2020.04.28"]
[Round "5"]
[White "Winehouse83"]
[Black "godsgonnacutudown"]
[Result "1-0"]
[WhiteElo "2531"]
[BlackElo "2357"]
[TimeControl "180+1"]
[EndTime "10:56:22 PDT"]
[Termination "Winehouse83 won by resignation"]

1. d4 Nf6 2. c4 e6 3. Nc3 Bb4 4. Qc2 d5 5. cxd5 exd5 6. Bg5 h6 7. Bh4 g5 8. Bg3 Ne4 9. e3 h5 10. f3 Nxg3 11. hxg3 Nc6 12. O-O-O Be6 13. Bb5 Ke7 14.
Nge2 Bd6 15. Bxc6 bxc6 16. e4 f6 17. exd5 cxd5 18. f4 c6 19. fxg5 fxg5 20. Qg6 Qg8 21. Qd3 Kd7 22. Rhf1 Qh7 23. Qa6 Rhc8 24. Qb7+ Bc7 25.
Na4 Rcb8 26. Nc5+ Kd6 27. Qa6 Bf5 28. Qa3 Rf8 29. Nc3 Bb6 30. Na6+ Kd7 31. Na4 Rae8 32. N4c5+ Kc8 33. Qa4 Rf6 34. Rfe1 Ref8 35. Nb4 Qc7 36. Re3 a5 37. Nbd3 Bg4 38. Rde1 Rf1 39. Ne5 Bxc5 40.
dxc5 Rxe1+ 41. Rxe1 h4 42. Nxc6 Bd7 43. Ne7+ Kb7 44.
Qb3+ Ka7 45. Qb6+ Qxb6 46. cxb6+ Kxb6 47. gxh4 gxh4 48. Nxd5+ Kc6 49. Nc3 h3 50. gxh3 Bxh3 51. Re2 Rf1+ 52. Kd2 Bg4 53. Rg2 Rh1 54. Rxg4 1-0

[Event "*** Titled Tuesday Blitz"]
[Site "Chess.com"]
[Date "2020.04.28"]
[Round "5"]
[White "pichonazo"]
[Black "AndrewMaco"]
[Result "1/2-1/2"]
[WhiteElo "2444"]
[BlackElo "2636"]
[TimeControl "180+1"]
[EndTime "10:56:23 PDT"]
[Termination "Game drawn by repetition"]

1. e4 c6 2. d4 d5 3. exd5 cxd5 4. c4 Nf6 5. Nc3 g6 6. cxd5 Bg7 7. Qb3 O-O 8. Be2 Nbd7 9. Bf3 Nb6 10. Nge2 Bf5 11. Bf4 Bd3 12. Be5 Bc4 13. Qb4 a5 14. Qa3 Nbxd5 15. Nxd5 Bxd5 16. O-O Bxf3 17. Qxf3 Qd7 18. Nc3 b5 19. Rad1 b4 20. Ne4 Nxe4 21. Qxe4 Rac8 22.
Bxg7 Kxg7 23. d5 Qd6 24. Rfe1 Rc7 25. Rd2 Rd8 26. Red1 Rcd7 27. g3 Qf6 28. Qc4 Qe5 29. Qb5 Qc7 30. h4 h5 31. Kg2 Rb8 32. Qc6 Rb6 33.
Qxc7 Rxc7 34. d6 exd6 35. Rxd6 Rxd6 36. Rxd6 Rc2 37. Ra6 Rc5 38. b3 Rf5 39. f4 Rc5 40.
Kf3 Rc3+ 41. Ke4 Rxg3 42. Rxa5 Rg2 43. Ra4 Kf6 44. Kf3 Rc2 45. Rxb4 Rxa2 46. Rb6+ Kg7 47. Rb5 Rh2 48. Kg3 Rd2 49. b4 Rd3+ 50. Kg2 Rb3 51. f5 gxf5 52. Rxf5 Kg6 53. Rg5+ Kh6 54. Rb5 f6 55. Rb6 Kg6 56. Rb5 Kh6 57. Rb6 Kg6 58.
Rb5 Re3 59. Rb8 Kf5 60. b5 Kg4 61. b6 Re2+ 62. Kf1 Rb2 63. Ke1 Kxh4 64. Kd1 f5 65. Kc1 Rb5 66. Kc2 Kh3 67. Kc3 h4 68. Kc4 Rb1 69.
Kc5 f4 70. Rf8 Kg3 71. Rg8+ Kf2 72. Rh8 Kg3 73. Rg8+ Kh3 74. Rf8 Kg4 75. Rg8+ Kh3 76. Rf8 1/2-1/2

[Event "*** Titled Tuesday Blitz"]
[Site "Chess.com"]
[Date "2020.04.28"]
[Round "5"]
[White "erlesfar"]
[Black "Atanejhad"]
[Result "1/2-1/2"]
[WhiteElo "2357"]
[BlackElo "2519"]
[TimeControl "180+1"]
[EndTime "10:56:23 PDT"]
[Termination "Game drawn by stalemate"]

1. e4 e5 2. Bc4 Nf6 3. Nc3 Nxe4 4.
Nf3 Nxc3 5. dxc3 Be7 6. Nxe5 O-O 7. O-O d6 8. Nf3 Nc6 9. h3 Be6 10. Bb3 Bf6 11. Bf4 Re8 12. Qd2 Qd7 13. Rfe1 Bxb3 14. axb3 Rxe1+ 15. Rxe1 Re8 16. Bg5 Rxe1+ 17. Qxe1 Bxg5 18.
Nxg5 h6 19. Nf3 Kf8 20. Qe4 Qe6 21. Qh7 Ne7 22. Qd3 Nd5 23. Qb5 b6 24. Qa6 Nf4 25. Qxa7 Qd7 26. Qa8+ Ke7 27. Qe4+ Ne6 28. Nd4 g6 29. Nxe6 Qxe6 30. Qxe6+ Kxe6 31. Kf1 Ke5 32. Ke2 Kf4 33. g3+ Ke4 34. f3+ Ke5 35.
Ke3 g5 36. c4 c6 37. b4 f5 38.
f4+ gxf4+ 39. gxf4+ Ke6 40. Kd4 c5+ 41. bxc5 dxc5+ 42. Ke3 Kd6 43. Kf3 Ke6 44. Kg3 Kf6 45. Kh4 Kg6 46.
c3 Kg7 47. Kh5 Kh7 48. b4 Kg7 49. h4 Kh7 50. b5 Kg7 1/2-1/2

[Event "*** Titled Tuesday Blitz"]
[Site "Chess.com"]
[Date "2020.04.28"]
[Round "5"]
[White "WhiteCapital80"]
[Black "svilson23"]
[Result "0-1"]
[WhiteElo "2404"]
[BlackElo "2234"]
[TimeControl "180+1"]
[EndTime "10:56:23 PDT"]
[Termination "svilson23 won by resignation"]

1. e4 c5 2. Nf3 Nc6 3. d4 cxd4 4. Nxd4 e5 5. Nb5 d6 6. Bc4 Be6 7. Bd5 a6 8. N5c3 Nge7 9. O-O Bxd5 10. exd5 Nb8 11. a4 g6 12. Bg5 Bg7 13. Bxe7 Qxe7 14. Nd2 f5 15. f4 exf4 16. Re1 Be5 17. Nc4 Nd7 18. Nxe5 dxe5 19. d6 Qe6 20. Qd5 Qxd5 21. Nxd5 Kf7 22. b4 Rhd8 23. c4 Nf6 24. Nc7 Rac8 25.
c5 e4 26. b5 axb5 27. axb5 b6 28. Ra7 bxc5 29. b6 Rxd6 30. b7 Rb8 31. Rb1 Nd7 32. Na6 Rxa6 33. Rxa6 Ke7 34. Ra8 Kd8 35. Rxb8+ Nxb8 36. Rb5 Kc7 37. Rxc5+ Kxb7 38. Re5 Kc6 39. Re7 Nd7 40. Rxh7 Ne5 41. Re7 Kd5 42. Re8 e3 43. Kf1 g5 44. h3 g4 45. Rf8 Ke4 46. hxg4 fxg4 47. Re8 f3 48. gxf3+ gxf3 49. Ke1 Kf4 50. Rf8+ Kg3 51. Re8 Ng4 52. Rg8 e2 53. Rg7 Kf4 54. Rf7+ Ke4 55. Re7+ Ne5 56. Re8 Kf4 57. Rf8+ Ke3 0-1

[Event "*** Titled Tuesday Blitz"]
[Site "Chess.com"]
[Date "2020.04.28"]
[Round "5"]
[White "Carnivoras"]
[Black "TzoumpasAnastasis"]
[Result "1-0"]
[WhiteElo "2641"]
[BlackElo "2197"]
[TimeControl "180+1"]
[EndTime "10:56:24 PDT"]
[Termination "Carnivoras won by resignation"]

1. d4 Nf6 2. Nf3 e6 3. Bg5 c5 4.
e3 h6 5. Bh4 g5 6. Bg3 b6 7.
Nbd2 Bb7 8. Bd3 Nc6 9. c3 d6 10. Qe2 Be7 11. Ba6 Qc7 12. Bxb7 Qxb7 13. Nc4 O-O-O 14.
O-O-O g4 15. Nfd2 b5 16. Na3 a6 17. Nc2 h5 18. Bh4 Kb8 19. f3 cxd4 20. exd4 b4 21.
Bxf6 bxc3 22. bxc3 Bxf6 23. fxg4 hxg4 24. Qxg4 Rdg8 25.
Qf3 Bg5 26. g3 Ka8 27. h4 Bxd2+ 28. Kxd2 d5 29. Rhf1 Na5 30. Rb1 Nc4+ 31. Ke2 Qc7 32. Qxf7 Qxf7 33. Rxf7 Nd6 34. Rd7 Ne4 35. Rbb7 Nxc3+ 36.
Kf1 Rxg3 37. Ra7+ Kb8 38. Rdb7+ Kc8 39. Rf7 Kb8 40. Nb4 Rf3+ 41. Rxf3 Kxa7 42. Rxc3 Rxh4 43. Nc2 Kb6 44. Ke2 Kb5 45. Kd2 Rh2+ 46. Kc1 Rh4 47. Kb2 Rh2 48. Kb3 Kb6 49. Re3 Rh6 50. Nb4 Rg6 51.
Nd3 a5 52. Nc5 e5 53. Nd7+ Kb5 54. Nxe5 a4+ 55. Ka3 Rg2 56. Rc3 Rd2 57. Rc5+ Kb6 58. Rxd5 1-0

[Event "*** Titled Tuesday Blitz"]
[Site "Chess.com"]
[Date "2020.04.28"]
[Round "5"]
[White "Oglob71"]
[Black "1977Ivan"]
[Result "1/2-1/2"]
[WhiteElo "2489"]
[BlackElo "2636"]
[TimeControl "180+1"]
[EndTime "10:56:24 PDT"]
[Termination "Game drawn - insufficient material"]

1. d4 Nf6 2. Nf3 d6 3. c4 c6 4. Nc3 Bg4 5. e3 Nbd7 6. Be2 e5 7. h3 Bh5 8. g4 Bg6 9. Nh4 Ne4 10. Nxg6 Nxc3 11. bxc3 hxg6 12. Bf3 Qc7 13. Qb3 O-O-O 14. Ba3 f5 15. Rb1 e4 16. Be2 Kb8 17. Kd2 Ka8 18. g5 Rh4 19. Kc2 Be7 20. Rbg1 Nb6 21. Rg3 f4 22. Rg4 Rxg4 23. hxg4 fxe3 24. fxe3 Bxg5 25. Bc1 Rf8 26. Kd1 d5 27. cxd5 cxd5 28.
Qb4 Rc8 29. Bd2 a6 30. a4 Be7 31. Qb3 Nc4 32. Bxc4 Qxc4 33. Qxc4 Rxc4 34. Rh7 Bf6 35. g5 Bxg5 36. Rxg7 Rxa4 37. Rxg6 Be7 38. Re6 Ba3 39. Re5 Rc4 40. Rxd5 b5 41. Re5 Kb7 42. Rxe4 a5 43. Re5 Kc6 44. e4 a4 45. Re6+ Kc7 46. d5 b4 47. cxb4 Bb2 48. Bf4+ Kb7 49. Re7+ Kb6 50.
Be3+ Bd4 51. Bxd4+ Rxd4+ 52. Kc2 Rxb4 53. d6 a3 54. Re8 Kc6 55. Ra8 Kxd6 56. Rxa3 Rxe4 57. Rd3+ Ke5 58. Rc3 Kf5 59. Kb3 Ke5 60. Rc4 Kf5 61.
Rxe4 Kxe4 1/2-1/2

[Event "*** Titled Tuesday Blitz"]
[Site "Chess.com"]
[Date "2020.04.28"]
[Round "5"]
[White "renehp"]
[Black "grzechu96"]
[Result "0-1"]
[WhiteElo "2412"]
[BlackElo "2598"]
[TimeControl "180+1"]
[EndTime "10:56:24 PDT"]
[Termination "grzechu96 won on time"]

1. e4 c5 2. Nf3 e6 3. d4 cxd4 4. Nxd4 a6 5. Bd3 Ne7 6. O-O Nbc6 7. Nxc6 Nxc6 8. c4 g6 9. Nc3 Bg7 10. f4 O-O 11. Kh1 d6 12. Qe1 f5 13. Be3 e5 14.
Rd1 Nd4 15. Bxd4 exd4 16. Nd5 fxe4 17. Bxe4 Bg4 18. Bf3 Bxf3 19. Rxf3 Re8 20. Qf2 Rc8 21. b3 b5 22. f5 gxf5 23. cxb5 axb5 24. Rxf5 Rc5 25.
h3 Rf8 26. Qf3 Rxf5 27. Qxf5 Qf8 28. Qe4 Qf7 29. Nf4 Re5 30. Qa8+ Re8 31. Qf3 Rf8 32.
Rf1 Kh8 33. Nd3 Qxf3 34. Rxf3 Ra8 35. Rf2 Bh6 36. g4 Be3 37. Rc2 Kg7 38. Kg2 Kg6 39. Kf3 d5 40. Rc5 Rxa2 41. Rxd5 b4 0-1

[Event "*** Titled Tuesday Blitz"]
[Site "Chess.com"]
[Date "2020.04.28"]
[Round "5"]
[White "dcann0n88"]
[Black "Slovak_fighter2000"]
[Result "1-0"]
[WhiteElo "2401"]
[BlackElo "2535"]
[TimeControl "180+1"]
[EndTime "10:56:24 PDT"]
[Termination "dcann0n88 won by resignation"]

1. e4 e6 2. d4 d5 3. Nc3 Nf6 4. e5 Nfd7 5. f4 c5 6. Nf3 Nc6 7. Be3 Be7 8. Qd2 O-O 9. dxc5 Bxc5 10.
Bxc5 Nxc5 11. Nd4 Bd7 12. Be2 a6 13. Nxc6 Bxc6 14. Qd4 b6 15. O-O Qe7 16. Rad1 b5 17. Kh1 Rab8 18. Bd3 b4 19. Ne2 Bb5 20. Ng3 Bxd3 21.
cxd3 g6 22. Rc1 Rfc8 23. Rc2 b3 24. axb3 Nxb3 25. Rxc8+ Rxc8 26. Qb6 Nc5 27. d4 Nd3 28. Qxa6 Rb8 29. Qxd3 Rxb2 30. Qc3 Qb7 31. Rc1 Kg7 32.
h3 h5 33. Rc2 Rb1+ 34. Kh2 Qb5 35. Rc1 Rb2 36. Qc5 Qd3 37. Qc3 Qb5 38. Rc2 Rb1 39. Rf2 h4 40. Ne2 Qa4 41. Qf3 Qd1 42. g4 hxg3+ 43. Kxg3 Qe1 44. Qg2 Qd1 45. Nc3 Rc1 46. Nxd1 Rxd1 47. Rd2 Re1 48. h4 Re3+ 49. Kf2 Re4 50.
Qxe4 dxe4 51. Re2 1-0

[Event "*** Titled Tuesday Blitz"]
[Site "Chess.com"]
[Date "2020.04.28"]
[Round "5"]
[White "Ranindu2003"]
[Black "Jaka_Brilej"]
[Result "1-0"]
[WhiteElo "2543"]
[BlackElo "2375"]
[TimeControl "180+1"]
[EndTime "10:56:24 PDT"]
[Termination "Ranindu2003 won by checkmate"]

1. e4 c5 2. Nf3 Nc6 3. Bb5 Nf6 4. e5 Nd5 5. Nc3 Nc7 6. Bxc6 dxc6 7. O-O g6 8. h3 Bg7 9. d3 O-O 10. Be3 b6 11. a4 a5 12. d4 Ba6 13. Re1 cxd4 14.
Bxd4 c5 15. Be3 Qc8 16. Qc1 Qb7 17. Bh6 Ne6 18. Qe3 Rad8 19. Ne4 Bc4 20. Bxg7 Kxg7 21. Neg5 Nxg5 22. Qxg5 Be6 23. Rad1 h6 24. Qf4 Rd5 25.
Rxd5 Qxd5 26. b3 Rd8 27. Qg3 c4 28. bxc4 Qxc4 29. h4 Qxc2 30. h5 g5 31. Re3 Qxa4 32. Nxg5 Bg4 33. Ne4 Qd1+ 34. Kh2 Kh7 35. f3 Bf5 36.
Qf4 e6 37. Nf6+ Kg7 38. g4 Qd2+ 39. Kg3 Qd1 40. gxf5 Qg1+ 41. Kh3 Qh1+ 42. Kg4 Qg2+ 43. Qg3 exf5+ 44. Kf4+ Qxg3+ 45. Kxg3 a4 46. Kf4 Rd4+ 47.
Kxf5 b5 48. Ra3 Rb4 49. f4 Rb3 50. Ra2 b4 51. Rg2+ Kf8 52. Rg8+ Ke7 53. Re8# 1-0

[Event "*** Titled Tuesday Blitz"]
[Site "Chess.com"]
[Date "2020.04.28"]
[Round "5"]
[White "ljuks68"]
[Black "JulAnt"]
[Result "1/2-1/2"]
[WhiteElo "2356"]
[BlackElo "2518"]
[TimeControl "180+1"]
[EndTime "10:56:24 PDT"]
[Termination "Game drawn - insufficient material"]

1. e4 c5 2. Nf3 e6 3. d4 cxd4 4. Nxd4 Nf6 5. Nc3 d6 6. g4 h6 7. h4 Nc6 8. g5 hxg5 9. Bxg5 a6 10. Qd2 Qb6 11. Nb3 Bd7 12. O-O-O Rc8 13. Kb1 Qc7 14.
f4 b5 15. a3 b4 16. axb4 Nxb4 17. e5 Nfd5 18. Nxd5 Nxd5 19. exd6 Bxd6 20. c4 Qb6 21. Rh3 Bb4 22. Qd3 f6 23. cxd5 O-O 24. Re3 Bb5 25. Qd4 Qxd4 26. Rxd4 Bxf1 27. Rxb4 fxg5 28. dxe6 gxf4 29.
Rf3 Bc4 30. Nd4 Bd5 31. Rf2 Be4+ 32. Ka2 f3 33. Ka3 Rc5 34. Rb6 Rc4 35. Nxf3 Bxf3 36.
e7 Re8 37. Rxf3 Rxe7 38. Rxa6 Rxh4 39. Ra8+ Kh7 40. Ra4 Rxa4+ 41. Kxa4 g5 42. b4 Kg6 43. b5 g4 44. Rf1 Kg5 45. b6 g3 46. Ka5 Kg4 47.
Ka6 g2 48. Rg1 Kg3 49. b7 Rxb7 50. Kxb7 Kf2 51. Rxg2+ Kxg2 1/2-1/2

[Event "*** Titled Tuesday Blitz"]
[Site "Chess.com"]
[Date "2020.04.28"]
[Round "5"]
[White "Hippotaner"]
[Black "ChessicallyInclined"]
[Result "0-1"]
[WhiteElo "2244"]
[BlackElo "2534"]
[TimeControl "180+1"]
[EndTime "10:56:24 PDT"]
[Termination "ChessicallyInclined won by resignation"]

1. e4 c5 2. Nf3 Nc6 3. Bb5 g6 4. Bxc6 dxc6 5. d3 Bg7 6. h3 Nf6 7. Be3 O-O 8. Nc3 b6 9. Qd2 Nd7 10.
O-O-O e5 11. g4 Re8 12. h4 Nf8 13. h5 Bxg4 14. Ng5 Bxd1 15. hxg6 fxg6 16. Qxd1 Qd7 17.
Qf3 h6 18. Nh3 Ne6 19. Ng1 g5 20. Qh3 Nf8 21. Qg2 Qf7 22. Nge2 Ne6 23. Ng3 Nf4 24. Qf1 Re6 25. Nf5 Rf6 26. Kb1 Rxf5 27. exf5 Qxf5 28. Ne4 Rf8 29. Qe1 Ng2 30. Qe2 Nxe3 31. Qxe3 Qf3 32.
Qe1 Rf4 33. Rg1 Qh3 34. Rh1 Qf5 35. Kc1 c4 36. Kd2 cxd3 37. cxd3 Rf3 38. Kc2 Qf4 39. Qc3 g4 40. Qxc6 Rxf2+ 41. Nxf2 Qxf2+ 42. Kb3 e4 43. Qd5+ Kh8 44. Qd8+ Kh7 45. dxe4 Qxb2+ 46. Kc4 Qxa2+ 47. Kb5 Qb3+ 48. Ka6 Qa4+ 49. Kb7 Qxe4+ 50. Kb8 Be5+ 51. Kc8 Qc6+ 0-1

[Event "*** Titled Tuesday Blitz"]
[Site "Chess.com"]
[Date "2020.04.28"]
[Round "5"]
[White "IwkooO"]
[Black "GeorgMeier"]
[Result "0-1"]
[WhiteElo "2581"]
[BlackElo "3002"]
[TimeControl "180+1"]
[EndTime "10:56:25 PDT"]
[Termination "GeorgMeier won by resignation"]

1. e4 e6 2. d4 d5 3. Nd2 dxe4 4. Nxe4 Nd7 5. Nf3 Ngf6 6. Nxf6+ Nxf6 7. Bd3 c5 8. O-O cxd4 9. Nxd4 Bc5 10. Nf3 O-O 11. Qe2 b6 12. Bg5 Bb7 13. Rad1 Qc7 14. Bxf6 gxf6 15.
Be4 Rfd8 16. c3 Rac8 17. Nd2 f5 18. Bxb7 Qxb7 19. Nb3 Be7 20. Rxd8+ Rxd8 21. Rd1 Rxd1+ 22. Qxd1 Qa6 23. a3 Qb5 24. Qc2 Bf6 25. g3 Qc4 26. Nc1 b5 27. Qd3 Qxd3 28. Nxd3 Kf8 29. Kf1 Ke7 30. Ke2 Kd6 31. Ne1 a5 32. Kd3 e5 33.
f3 Kd5 34. Ng2 e4+ 35. fxe4+ fxe4+ 36. Kc2 Bg5 37. b3 a4 38. c4+ bxc4 39. bxa4 e3 40. a5 e2 41. Kc3 h5 42. a6 Kc6 43. Kxc4 Bd2 44. Kd3 e1=Q 45. Nxe1 Bxe1 46. Ke4 h4 47. gxh4 Bxh4 48. Kf5 Kb6 49. Kg4 Bf6 50. h4 Kxa6 51.
h5 Kb5 52. Kf5 Bg7 53. h6 Bh8 54. h7 Ka4 55. Ke4 Kxa3 56. Kd5 Kb4 57. Kd6 Kc4 58.
Ke7 f5 59. Kf7 f4 60. Kg8 Bd4 0-1